 Dungeon Crawl Stone Soup version 0.20-b1 (webtiles) character file.

64390 Leszczynek the Bludgeoner (level 15, -6/92 HPs)
             Began as a Gargoyle Wanderer on May 19, 2017.
             Was the Champion of Uskayaw.
             Mangled by a two-headed ogre
             ... wielding a +0 great mace
              (16 damage)
             ... on level 2 of the Orcish Mines.
             The game lasted 01:21:29 (13203 turns).

Leszczynek the Bludgeoner (Gargoyle Wanderer)      Turns: 13203, Time: 01:21:30

Health: -6/92      AC: 22    Str: 18    XL:     15   Next: 12%
Magic:  19/24      EV: 22    Int: 15    God:    Uskayaw [******]
Gold:   1324       SH: 12    Dex: 11    Spells: 12/14 levels left

rFire    . . .     SeeInvis .   a - +4 morningstar
rCold    . . .     Gourm    .   R - +0 shield
rNeg     + . .     Faith    .   c - +0 ring mail
rPois    ∞         Spirit   .   i - +2 hat
rElec    +         Reflect  .   H - +1 cloak
rCorr    .         Harm     .   (no gloves)
MR       +....                  V - +1 pair of boots
Stlth    +.........             J - amulet of regeneration
Regen    0.7/turn               f - +4 ring of evasion
MPRegen  0.2/turn               W - +6 ring of evasion

@: no status effects
A: big wings, negative energy resistance 1, electricity resistance, unbreathing,
petrification resistance, rot immunity, AC +11
a: Fly, Stomp, Line Pass, Grand Finale, Renounce Religion


You were on level 2 of the Orcish Mines.
You worshipped Uskayaw.
Uskayaw was pleased with you.
You were hungry.

You visited 3 branches of the dungeon, and saw 21 of its levels.
You also visited: Bailey.

You collected 1792 gold pieces.
You spent 468 gold pieces at shops.

Inventory:

Hand Weapons
 a - a +4 morningstar (weapon)
 b - a +3 hand crossbow
 B - a +0 blowgun
Missiles
 r - 15 javelins (quivered)
 t - 156 bolts
 x - 2 throwing nets
 D - 5 needles of paralysis
 M - 23 tomahawks
 Q - 8 javelins of returning
Armour
 c - a +0 ring mail (worn)
 i - a +2 hat (worn)
 H - a +1 cloak (worn)
 R - a +0 shield (worn)
 V - a +1 pair of boots (worn)
Jewellery
 f - a +4 ring of evasion (left hand)
 v - an uncursed ring of protection from fire
 J - an amulet of regeneration (around neck)
 W - a +6 ring of evasion (right hand)
Wands
 h - a wand of disintegration (7/24)
 C - a wand of paralysis (13/24)
 F - a wand of polymorph (9/24)
 K - a wand of enslavement (8/24)
 O - a wand of digging (14/24)
Scrolls
 j - 4 scrolls of teleportation
 k - 4 scrolls of enchant weapon
 n - 8 scrolls of remove curse {@r2}
 u - 3 scrolls of recharging
 y - a scroll of immolation
 N - a scroll of enchant armour
 P - a scroll of fog
Potions
 e - a potion of agility {unknown}
 g - 2 potions of mutation {!q}
 m - 4 potions of haste
 p - 3 potions of heal wounds {@q2}
 q - a potion of resistance {unknown}
 s - a potion of might {unknown}
 w - 2 potions of brilliance {unknown}
 z - 7 potions of curing {@q1}
 L - a potion of magic {unknown}
 S - a potion of lignification {!q}
 T - 2 potions of degeneration {unknown}
 U - a potion of invisibility {unknown}
Miscellaneous
 o - a lightning rod (1/4)
Comestibles
 d - 8 bread rations
 l - 9 meat rations
 A - 3 royal jellies
 E - 2 chunks of flesh
 I - 12 fruits


   Skills:
 - Level 10.0 Fighting
   Level 1.7(10.3) Axes
 * Level 16.3(16.4) Maces & Flails
 - Level 5.0 Crossbows
 - Level 1.0 Throwing
 - Level 2.1 Armour
 - Level 5.8 Dodging
 + Level 12.0 Shields
 + Level 12.5 Invocations
 - Level 1.0 Evocations


You had 12 spell levels left.
You knew the following spells:

 Your Spells              Type           Power        Failure   Level  Hunger
a - Summon Butterflies    Summ           #.......     56%         1    ##.....
A - Apportation           Tloc           #.....       56%         1    ##.....


Dungeon Overview and Level Annotations

Branches:
Dungeon (13/15)            Temple (0/1) D:6            Lair (6/6) D:9
  Swamp (0/4) Lair:2        Snake (0/4) Lair:4          Orc (2/2) D:12
  Slime: Lair:5-6       Elf: Orc:2       Vaults: D:13-14

Altars:
Ashenzari
Cheibriados
Dithmenos
Gozag
Hepliaklqana
Kikubaaqudgha
Makhleb
Nemelex Xobeh
Okawaru
Ru
Sif Muna
Trog
Uskayaw
Xom
Yredelemnul

Shops:
D:7 }   D:8 =   D:10 [   Orc:1 :

Portals:
Trove: D:11 (give 8 potions of agility)

Annotations:
D:6 , randart acid DS
D:8 Gastronok
Lair:1 exclusion: oklob plant
Lair:3 bee hive
Lair:5 slime behind oklobs (NE), exclusion: 2 oklob plants


Innate Abilities, Weirdness & Mutations

You are resistant to torment.
Your stone body is resilient. (AC +11)
You are immune to poison.
Your large and strong wings let you fly indefinitely.
You resist negative energy. (rN+)
You are resistant to electric shocks. (rElec)
You can survive without breathing.
You are immune to petrification.
You are immune to rotting.


Message History

The troll closely misses you.
You puncture the troll!
You kill the troll!
Your Shields skill increases to level 12!
The troll misses you. You block the troll's attack.
The troll barely misses you.
You sock the troll!
You kill the troll!
You puncture the two-headed ogre!
The two-headed ogre is moderately wounded.
You block the two-headed ogre's attack.
The two-headed ogre hits you with a giant club!
You sock the two-headed ogre!
The two-headed ogre is heavily wounded.
You puncture the two-headed ogre!
The two-headed ogre is severely wounded.
The two-headed ogre hits you with a great mace!!
* * * LOW HITPOINT WARNING * * *
The two-headed ogre hits you with a giant club!
You die...

### ... # ##.## ## ..# ## ##...#
##.## .O #. ##...## #...# .## ##.
##.....# #..##O.## ##.. #......##
#...O...## #... ##.......###
##.......# ##...
##........#.####T).....###....
#...........#@#(.......#......
#####...........)O)..##..........
#.#.....##.#.......#####.....)...
.......######.....## #......[..
#......#####.......# ###........#
......##.#.#.......# #......).##.
##......#..........###...........
#..............#....##..........
##.............#....#......#....


You could see a two-headed ogre.

Vanquished Creatures
  The ghost of MydosGodOfBeginnings the Blocker, a journeyman VSFi of Uskayaw (Orc:2)
  An ettin (Orc:1)
  Harold (D:11)
  Josephine (D:10)
  A vault guard (D:11)
  3 hydras
  3 catoblepae (Lair:6)
  A centaur warrior (D:12)
  16 death yaks
  3 two-headed ogres (Orc:2)
  Pikel (D:5)
  A wolf spider (D:12)
  5 manticores
  An orc sorcerer (Orc:1)
  3 cyclopes
  An oklob plant (Lair:4)
  3 centaur zombies (D:12)
  10 elephants
  A gargoyle (D:10)
  9 spiny frogs
  4 komodo dragons
  3 rime drakes
  11 trolls
  A polar bear (Lair:6)
  A wind drake (Lair:6)
  A hornet (D:9)
  3 slime creatures (D:12)
  7 dream sheep (Lair:5)
  9 blink frogs
  6 hippogriffs
  2 shadows (D:12)
  3 wraiths (D:10)
  A wyvern (Lair:3)
  52 yaks
  Grum (D:8)
  2 basilisks
  A steam dragon (D:7)
  5 hungry ghosts
  A vampire mosquito (D:6)
  An acid dragon (D:11)
  16 water moccasins
  14 orc warriors
  3 porcupines
  2 black bears
  2 ice beasts
  A phantom (D:10)
  A necrophage (D:9)
  16 ogres
  13 centaurs
  13 wolves
  13 crocodiles
  9 bullfrogs
  A gnoll sergeant (D:8)
  A wyvern zombie (D:9)
  A water moccasin zombie (D:8)
  5 scorpions
  11 killer bees
  25 wights
  5 crimson imps
  A howler monkey (D:5)
  A quasit (D:12)
  A bullfrog zombie (D:12)
  8 jellies
  11 orc priests
  5 hounds
  6 centaur skeletons
  6 iguanas
  6 orc wizards
  Natasha (thrice) (D:3)
  8 worker ants
  2 hound skeletons (D:7)
  15 gnolls
  12 adders
  5 shadow imps
  18 oozes
  An adder zombie (D:6)
  3 adder skeletons
  2 worms
  2 dart slugs
  3 leopard geckos
  44 orcs
  5 bats
  4 giant cockroaches
  17 goblins
  14 hobgoblins
  13 jackals
  4 quokkas
  2 ball pythons
  A jackal skeleton (D:5)
  23 kobolds
  2 leopard gecko zombies
  A quokka zombie (D:9)
  4 rats
586 creatures vanquished.

Vanquished Creatures (others)
  An ogre (D:7)
  A centaur (D:5)
  A quasit (D:7)
  8 fungi
  3 plants
14 creatures vanquished.

Grand Total: 600 creatures vanquished

Notes
Turn   | Place    | Note
-------+----------+-------------------------------------------
     0 | D:1      | Leszczynek the Gargoyle Wanderer began the quest for the Orb.
     0 | D:1      | Leszczynek set off with: a +2 hand crossbow, 21 bolts, a +0 ring mail, a bread ration, a potion of lignification {!q}
     0 | D:1      | Reached XP level 1. HP: 12/12 MP: 1/1
     0 | D:1      | HA HA TIME FOR EMBARASSMENT
     0 | D:1      | (again)
     0 | D:1      | 17/12/7 (6/4/2)
     0 | D:1      | the gargoyle of not dodging
   210 | D:1      | Reached XP level 2. HP: 17/17 MP: 2/2
   277 | D:1      | Reached skill level 2 in Fighting
   337 | D:1      | Reached XP level 3. HP: 21/21 MP: 3/3
   593 | D:2      | Found a hide-covered altar of Uskayaw.
   616 | D:2      | do i worship The God of Doing Nothing?
   616 | D:2      | well sure he does something later
   616 | D:2      | but that's a lot later
   616 | D:2      | ehhh
   616 | D:2      | okay whatever
   620 | D:2      | Became a worshipper of Uskayaw the Reveler
   677 | D:2      | Reached skill level 4 in Crossbows
   677 | D:2      | Reached * piety under Uskayaw
   705 | D:2      | Reached XP level 4. HP: 27/27 MP: 4/4
   706 | D:2      | Reached ** piety under Uskayaw
  1124 | D:3      | Noticed Natasha
  1141 | D:3      | Reached *** piety under Uskayaw
  1142 | D:3      | Killed Natasha
  1142 | D:3      | Reached skill level 3 in Fighting
  1143 | D:3      | oh
  1143 | D:3      | D:3 and he already did something
  1143 | D:3      | if i knew i wouldn't use ligni :/
  1161 | D:3      | Noticed Natasha
  1174 | D:3      | Killed Natasha
  1174 | D:3      | Reached XP level 5. HP: 22/32 MP: 5/5
  1212 | D:3      | Noticed Natasha
  1215 | D:3      | Killed Natasha
  1215 | D:3      | Reached skill level 5 in Crossbows
  1323 | D:3      | Noticed a centaur
  1333 | D:3      | Killed a centaur
  1333 | D:3      | Reached skill level 2 in Maces & Flails
  1333 | D:3      | Reached XP level 6. HP: 15/37 MP: 6/6
  1333 | D:3      | Reached **** piety under Uskayaw
  1431 | D:4      | Reached skill level 3 in Maces & Flails
  1806 | D:4      | Reached skill level 4 in Maces & Flails
  1884 | D:4      | Found a snail-covered altar of Cheibriados.
  1884 | D:4      | Found an iron altar of Okawaru.
  1885 | D:4      | Found a bloodstained altar of Trog.
  1944 | D:5      | Entered Level 5 of the Dungeon
  1948 | D:5      | Found a sparkling altar of Nemelex Xobeh.
  2102 | D:5      | Reached XP level 7. HP: 30/41 MP: 3/7
  2119 | D:5      | Reached skill level 5 in Maces & Flails
  2203 | D:5      | Noticed Pikel
  2304 | D:5      | Found a hazy altar of Hepliaklqana.
  2417 | D:5      | Reached skill level 1 in Invocations
  2470 | D:5      | Killed Pikel
  2470 | D:5      | Reached skill level 7 in Maces & Flails
  2470 | D:5      | Reached skill level 3 in Invocations
  2470 | D:5      | Reached XP level 8. HP: 31/46 MP: 4/10
  2507 | D:5      | Found a shimmering altar of Xom.
  2616 | D:6      | Found an ancient bone altar of Kikubaaqudgha.
  2616 | D:6      | Found a burning altar of Makhleb.
  2616 | D:6      | Found a deep blue altar of Sif Muna.
  2617 | D:6      | Found a shattered altar of Ashenzari.
  2618 | D:6      | Found a sacrificial altar of Ru.
  2624 | D:6      | randart acid dragon scales
  2624 | D:6      | damn
  2624 | D:6      | a book, ligni potion
  2645 | D:6      | too many smiters tho
  2645 | D:6      | i'll come back later
  2697 | D:6      | HP: 7/46 [ogre/giant spiked club (25)]
  3162 | D:6      | Found a staircase to the Ecumenical Temple.
  3167 | D:6      | Got a fine helmet
  3171 | D:6      | plz b gud
  3201 | D:6      | Identified the cursed +0 helmet of the Distant Future {rElec rF+ Str+4 Dex-4} (You found it on level 6 of the Dungeon)
  3201 | D:6      | hm
  3201 | D:6      | nope
  3296 | D:6      | Reached skill level 4 in Invocations
  3400 | D:6      | Reached skill level 8 in Maces & Flails
  3448 | D:7      | Found a flagged portal.
  3469 | D:7      | doubtful i'll be able to do this
  3470 | Bailey   | Entered a bailey
  3481 | Bailey   | hm?
  3485 | Bailey   | which one is this?
  3502 | Bailey   | Reached skill level 4 in Fighting
  3565 | Bailey   | Found an iron altar of Okawaru.
  3565 | Bailey   | Noticed an orc sorcerer
  3566 | Bailey   | Noticed an orc sorcerer
  3566 | Bailey   | oookay
  3566 | Bailey   | back back back
  3600 | D:7      | i still don't know which one was that
  3622 | D:7      | and why does uska remain at 1* after a battle
  3622 | D:7      | but if i use stomp, he'll stay at 0*
  3668 | D:7      | Reached XP level 9. HP: 45/52 MP: 8/12
  3675 | D:7      | hmm
  3675 | D:7      | i'm changing my mind
  3675 | D:7      | stomp isn't bad at all
  3675 | D:7      | if you can train invo early
  3740 | D:7      | seems to be affected by AC tho
  3811 | D:7      | Reached skill level 9 in Maces & Flails
  3904 | D:7      | Found a shadowy altar of Dithmenos.
  3938 | D:7      | Reached skill level 5 in Invocations
  3948 | D:7      | it does more damage than my weapons
  3948 | D:7      | and i'm at 5 invo
  4075 | D:8      | Noticed Gastronok
  4152 | D:8      | Reached skill level 5 in Fighting
  4176 | D:7      | Found Retijycs's Gadget Shop.
  4234 | D:8      | Found Osoxziqe's Jewellery Boutique.
  4381 | D:8      | Noticed Grum
  4394 | D:8      | Killed Grum
  4410 | D:8      | jesus this is so good
  4410 | D:8      | why didn't anybody tell me
  4486 | D:8      | o shit
  4519 | D:8      | Reached skill level 6 in Invocations
  4523 | D:8      | Reached skill level 10 in Maces & Flails
  4607 | D:8      | Reached skill level 6 in Fighting
  4659 | D:8      | Reached XP level 10. HP: 60/60 MP: 4/14
  5099 | D:9      | Reached skill level 1 in Shields
  5101 | D:9      | 1v3 against bees? no fucking problem
  5113 | D:9      | Found an opulent altar of Gozag.
  5193 | D:9      | Reached skill level 7 in Invocations
  5248 | D:9      | Reached skill level 2 in Shields
  5386 | D:10     | Entered Level 10 of the Dungeon
  5386 | D:10     | Noticed Josephine
  5391 | D:9      | Reached skill level 11 in Maces & Flails
  5401 | D:9      | doesn't seem to be as good against lair level opponents though
  5440 | D:9      | well i have a +4 morningstar, what do i care about lair level monsters ha ha
  5513 | D:8      | Reached skill level 7 in Fighting
  5700 | D:6      | ok let's go
  5704 | D:6      | Reached skill level 3 in Shields
  5712 | D:6      | i can just stomp every turn if i fight 4 at once
  5712 | D:6      | lol
  5728 | D:6      | Learned a level 1 spell: Apportation
  5730 | D:6      | Learned a level 1 spell: Summon Butterflies
  5733 | D:6      | Got encrusted acid dragon scales
  5744 | D:6      | Identified the cursed +1 acid dragon scales of the Rabble {-Tele +Fly rC+++ rCorr Stlth+} (You found it on level 6 of the Dungeon)
  5744 | D:6      | lol
  5744 | D:6      | hm
  5744 | D:6      | no, this is going to kill me for sure
  6416 | D:10     | Killed Josephine
  6416 | D:10     | Reached skill level 4 in Shields
  6416 | D:10     | Reached XP level 11. HP: 61/68 MP: 3/16
  6431 | D:10     | Reached skill level 8 in Invocations
  6438 | D:10     | Reached skill level 12 in Maces & Flails
  6441 | D:10     | Reached ***** piety under Uskayaw
  6479 | D:10     | Found Sionisat's Armour Shop.
  6488 | D:10     | gg no re
  6488 | D:10     | just give me 1800 gold
  6614 | D:11     | Noticed a vault guard
  6666 | D:11     | bad bad bad
  6674 | D:11     | Killed a vault guard
  6674 | D:11     | Reached skill level 8 in Fighting
  6674 | D:11     | Reached skill level 5 in Shields
  6678 | D:11     | luckily he ran out of hp before i ran out of berserk
  6710 | D:11     | Found a portal to a secret trove of treasure.
  6714 | D:11     | trove: 8 !agi
  6714 | D:11     | how about no
  7018 | D:12     | Noticed a cyclops
  7106 | D:11     | Noticed a manticore
  7117 | D:11     | Killed a manticore
  7117 | D:11     | Reached skill level 6 in Shields
  7199 | D:11     | Noticed Harold
  7421 | D:11     | Killed Harold
  7421 | D:11     | Reached skill level 7 in Shields
  7421 | D:11     | Reached skill level 9 in Invocations
  7719 | D:10     | Reached XP level 12. HP: 60/75 MP: 14/18
  7847 | D:8      | Bought a +4 ring of evasion for 468 gold pieces
  8056 | D:9      | Found a staircase to the Lair.
  8243 | D:12     | Reached skill level 1 in Dodging
  8284 | D:12     | Reached skill level 2 in Dodging
  8284 | D:12     | Reached skill level 8 in Shields
  8480 | D:12     | Reached skill level 3 in Dodging
  8498 | D:12     | Reached skill level 9 in Shields
  8602 | D:12     | Reached skill level 9 in Fighting
  8630 | D:12     | Found a staircase to the Orcish Mines.
  8630 | D:12     | Noticed a centaur warrior
  8643 | D:12     | Killed a centaur warrior
  8740 | D:12     | Identified the Tome of the Mackerel
  8820 | D:12     | Reached skill level 4 in Dodging
  8983 | D:13     | 0 MR
  8983 | D:13     | maybe i shouldn't look so actively for a wizard
  9169 | Lair:1   | Entered Level 1 of the Lair of Beasts
  9233 | Lair:1   | Reached skill level 13 in Maces & Flails
  9443 | Lair:2   | Reached skill level 5 in Dodging
  9466 | Lair:2   | Reached XP level 13. HP: 68/81 MP: 13/20
  9474 | Lair:2   | Found a staircase to the Swamp.
  9616 | Lair:2   | Reached skill level 10 in Invocations
  9624 | Lair:2   | Reached skill level 10 in Fighting
 10002 | Lair:3   | Found a basalt altar of Yredelemnul.
 10312 | Lair:4   | Got a shimmering chain mail
 10323 | Lair:4   | Identified the cursed +0 chain mail "Norch" {Regen+ MP+9 Dex+2} (You found it on level 4 of the Lair of Beasts)
 10323 | Lair:4   | nope
 10373 | Lair:4   | Reached skill level 14 in Maces & Flails
 10374 | Lair:4   | Reached skill level 10 in Shields
 10514 | Lair:4   | Reached skill level 11 in Invocations
 10577 | Lair:4   | Reached ****** piety under Uskayaw
 10581 | Lair:4   | Gained mutation: Your large and strong wings let you fly indefinitely. [Gargoyle growth]
 10581 | Lair:4   | Reached XP level 14. HP: 84/88 MP: 22/22
 10692 | Lair:4   | Found a staircase to the Snake Pit.
 11054 | Lair:6   | Entered Level 6 of the Lair of Beasts
 11204 | Lair:6   | Reached skill level 15 in Maces & Flails
 11226 | Lair:6   | Reached skill level 11 in Shields
 11611 | Lair:6   | jackpot
 11622 | Lair:6   | +10 ev on rings
 11622 | Lair:6   | lol
 11672 | Lair:6   | Reached skill level 12 in Invocations
 12429 | Orc:1    | Entered Level 1 of the Orcish Mines
 12429 | Orc:1    | Found Vautoniq's Book Boutique.
 12459 | Orc:1    | HP: 17/88 [ettin/dire flail of draining (33)]
 12469 | Orc:1    | Reached skill level 16 in Maces & Flails
 12646 | Orc:2    | Entered Level 2 of the Orcish Mines
 12904 | Orc:2    | Noticed MydosGodOfBeginnings's ghost (journeyman VSFi)
 12916 | Orc:2    | Killed MydosGodOfBeginnings's ghost
 13148 | Orc:2    | Reached XP level 15. HP: 92/92 MP: 24/24
 13199 | Orc:2    | Reached skill level 12 in Shields
 13203 | Orc:2    | HP: 10/92 [two-headed ogre/great mace (22)]
 13203 | Orc:2    | Mangled by a two-headed ogre

Skill      XL: |  1  2  3  4  5  6  7  8  9 10 11 12 13 14 15 |
---------------+----------------------------------------------+-----
Fighting       | 2 3 4 6 7 8 9 10 | 10.0
Crossbows      | 4 5 |  5.0
Maces & Flails | 2 4 7 8 10 11 12 13 14 16 | 16.3
Invocations    | 3 4 6 7 9 11 12 | 12.5
Shields        | 4 7 9 10 11 12 | 12.0
Dodging        | 5 |  5.8
Axes           | |  1.7
Throwing       | |  1.0
Armour         | |  2.1
Evocations     | |  1.0

Action                   |  1- 3 |  4- 6 |  7- 9 | 10-12 | 13-15 || total
-------------------------+-------+-------+-------+-------+-------++-------
Melee: Mace              |       |   133 |    49 |       |       ||   182
       Whip              |       |       |   207 |       |       ||   207
       Flail             |       |       |   139 |   134 |       ||   273
       Morningstar       |       |       |       |   568 |   812 ||  1380
 Fire: Hand crossbow     |    72 |    65 |    42 |     4 |     4 ||   187
Invok: Stomp             |       |     5 |    37 |    95 |    38 ||   175
       Line Pass         |       |       |       |       |     1 ||     1
       Grand Finale      |       |       |       |       |     1 ||     1
Evoke: Wand              |       |       |       |       |     5 ||     5
       Lightning rod     |       |       |       |       |     3 ||     3
       Sack of spiders   |       |       |       |       |     2 ||     2
  Use: Potion            |       |     2 |     1 |     5 |     2 ||    10
       Scroll            |       |       |     8 |    13 |     4 ||    25
 Stab: Paralysed         |       |     1 |     3 |    15 |    54 ||    73
  Eat: Chunk             |       |     4 |    15 |    31 |    19 ||    69
       Royal jelly       |       |       |     1 |       |       ||     1
       Fruit             |       |       |     2 |     1 |       ||     3
       Bread ration      |       |       |       |     2 |       ||     2
Armor: Ring mail         |    28 |    88 |   228 |   372 |   201 ||   917
       Skin              |       |     3 |       |    35 |       ||    38
Dodge: Dodged            |    40 |    88 |   194 |   367 |   421 ||  1110
Block: Shield            |       |       |       |   207 |   386 ||   593
